 Dungeon Crawl Stone Soup version 0.18.1-50-g88ac8fd (webtiles) character file.

3527 Gargoyl the Protected (level 9, -1/69 HPs)
             Began as a Demonspawn Abyssal Knight on Oct 26, 2016.
             Was a High Priest of Lugonu.
             Killed from afar by Erolcha (47 damage)
             ... with a crystal spear
             ... on level 8 of the Dungeon.
             The game lasted 00:14:31 (7730 turns).

Gargoyl the Protected (Demonspawn Abyssal Knight)   Turns: 7730, Time: 00:14:31

Health: -1/69      AC: 19    Str: 16    XL:     9   Next: 82%
Magic:  15/15      EV:  9    Int: 13    God:    Lugonu [*****.]
Gold:   442        SH: 12    Dex: 18    Spells: 0 memorised, 8 levels left

rFire  . . .     SeeInvis .     u - +0 war axe
rCold  + + .     Gourm    .     j - +0 plate armour
rNeg   . . .     Faith    .     t - +0 shield
rPois  .         Spirit   .     (no helmet)
rElec  .         Dismiss  .     D - +0 cloak
rCorr  .         Reflect  +     k - +0 pair of gloves
SustAt .         Harm     .     (boots unavailable)
MR     .....     Rnd*Rage +     w - +2 amulet of reflection
Stlth  ..........               p - ring of protection from cold
                                d - ring of protection from cold

@: agile, not resistant to hostile enchantments, extremely unstealthy
A: hooves 3, slimy green scales 2, berserk 1, mutation resistance 1, powered by
pain 1, spiny 1
a: Depart the Abyss, Bend Space, Banish, Corrupt, Enter the Abyss, Renounce
Religion


You were on level 8 of the Dungeon.
You worshipped Lugonu.
Lugonu was extremely pleased with you.
You were full.

You visited 1 branch of the dungeon, and saw 8 of its levels.
You visited the Abyss 1 time.

You collected 442 gold pieces.

Inventory:

Hand Weapons
 r - a +0 war axe
 u - a +0 war axe (weapon)
Missiles
 y - 4 tomahawks (quivered)
Armour
 j - a +0 plate armour (worn)
 k - a +0 pair of gloves (worn)
 t - a +0 shield (worn)
 D - a +0 cloak (worn)
Jewellery
 d - a ring of protection from cold (left hand)
 p - a ring of protection from cold (right hand)
 w - a +2 amulet of reflection (around neck)
Wands
 g - a wand of flame (26/48)
 i - a wand of paralysis (24/24)
 x - a wand of flame (25/48)
 B - a wand of iceblast (6/15)
 E - a wand of lightning (1/15)
Scrolls
 a - a scroll of fog
 c - 2 scrolls of fear
 e - 3 scrolls of identify
 n - 4 scrolls of teleportation
 q - a scroll of magic mapping
 A - 3 scrolls of remove curse
 G - a scroll of silence {unknown}
Potions
 b - a potion of berserk rage
 f - 4 potions of brilliance
 h - 2 potions of magic
 o - a potion of invisibility
 z - a potion of heal wounds
Comestibles
 l - 2 bread rations
 m - 3 beef jerkies
 s - a slice of pizza
 v - 3 meat rations
 C - a fruit
 F - 3 chunks of flesh


   Skills:
 + Level 5.9 Fighting
 + Level 5.1 Axes
 * Level 8.2 Armour
 + Level 2.2 Dodging
 + Level 4.5 Shields
 * Level 8.1 Invocations


You had 8 spell levels left.
You didn't know any spells.

Dungeon Overview and Level Annotations

Branches:
Dungeon (8/15)             Temple (0/1) D:7
   Lair: D:8-11

Altars:
Ashenzari
Cheibriados
Dithmenos
Elyvilon
Fedhas
Makhleb
Okawaru
Qazlal
Vehumet
The Shining One

Annotations:
D:8 Erolcha, Prince Ribbit


Innate Abilities, Weirdness & Mutations

You have hooves in place of feet.
You are mostly covered in slimy green scales (AC +3).
You sometimes gain a little power by taking damage.
You are partially covered in sharp spines.
You tend to lose your temper in combat.
You are somewhat resistant to further mutation.


Message History

Eat one of 3 chunks of flesh? (ye/n/q/i?) Eat which item? (? for menu, Esc to quit)
You continue eating.
Erolcha hits you but does no damage.
You continue eating.
Erolcha casts a spell.
Erolcha blinks!
You finish eating.
That meat ration really hit the spot!
Unknown command.
Erolcha mumbles some strange words.
Erolcha blinks!
Prince Ribbit casts a spell.
Prince Ribbit looks slightly unstable.
Prince Ribbit blinks!
Erolcha growls.
Found 8 gold pieces.
Prince Ribbit hops awkwardly around.
Erolcha casts a spell at you. The crystal spear hits you!
Ouch! That really hurt!
You die...

# ....#.......
.....$..... ##..........
##...........
.............# #
#..O.........# ##
#.............#####.
#..@................ .
#.....##............ ..
#......#............
...#...)...............
..............ยง.........
........................
.........F..............
........................
####..................##


You could see Erolcha and Prince Ribbit.

Vanquished Creatures
  Joseph (D:7)
  The ghost of Kloppie the Chopper, an amateur HOBe of Trog (D:3)
  A hippogriff (D:8)
  A hungry ghost (D:8)
  A sky beast (D:6)
  4 phantoms
  2 orc warriors
  An ice beast (D:8)
  A necrophage (D:5)
  4 ogres
  2 centaurs
  2 big kobolds (D:7)
  2 giant frogs (D:8)
  2 scorpions
  4 killer bees (D:7)
  2 howler monkeys
  2 crimson imps
  A quasit (D:8)
  A giant frog zombie (D:7)
  Crazy Yiuf (D:7)
  A giant frog skeleton (D:7)
  2 centaur skeletons (D:7)
  An iguana (D:7)
  6 orc wizards
  7 worker ants
  A howler monkey skeleton (D:3)
  8 adders
  6 gnolls
  A shadow imp (D:5)
  2 adder skeletons
  A worm (D:2)
  5 dart slugs
  2 giant geckos
  19 orcs
  3 ball pythons
  9 bats
  8 giant cockroaches
  9 goblins
  6 hobgoblins
  12 jackals
  31 kobolds
  2 quokkas
  A giant cockroach zombie (D:5)
  A giant gecko zombie (D:6)
  7 giant newts
  A jackal zombie (D:5)
  7 rats
  A plant (D:7)
196 creatures vanquished.

Vanquished Creatures (others)
  An adder zombie (D:7)
  A kobold (D:7)
  4 plants (D:7)
6 creatures vanquished.

Grand Total: 202 creatures vanquished

Notes
Turn   | Place    | Note
--------------------------------------------------------------
     0 | Abyss:1  | Gargoyl the Demonspawn Abyssal Knight began the quest for the Orb.
     0 | Abyss:1  | Reached XP level 1. HP: 18/18 MP: 2/2
    12 | Abyss:1  | Found a radiant altar of Vehumet.
   143 | Abyss:1  | Noticed a vampire mage
   218 | D:1      | Escaped the Abyss
   249 | D:1      | Reached * piety under Lugonu
   334 | D:1      | Gained mutation: You are partially covered in slimy green scales (AC +2). [demonic ancestry]
   334 | D:1      | Reached XP level 2. HP: 15/24 MP: 4/4
   820 | D:1      | Gained mutation: You have large cloven feet. [demonic ancestry]
   820 | D:1      | Reached XP level 3. HP: 28/29 MP: 5/5
   912 | D:1      | Reached skill level 1 in Dodging
  1296 | D:2      | Reached ** piety under Lugonu
  1752 | D:2      | Reached XP level 4. HP: 27/35 MP: 6/6
  1937 | D:3      | Noticed Kloppie's ghost (amateur HOBe)
  1965 | D:3      | Gained mutation: You are somewhat resistant to further mutation. [potion of mutation]
  1965 | D:3      | Gained mutation: You tend to lose your temper in combat. [potion of mutation]
  1979 | D:3      | Killed Kloppie's ghost
  1979 | D:3      | Gained mutation: You are partially covered in sharp spines. [demonic ancestry]
  1979 | D:3      | Reached XP level 5. HP: 27/42 MP: 7/7
  2183 | D:3      | HP: 2/42 [poisoned by a kobold]
  2191 | D:3      | HP: 1/42 [poisoned by a kobold]
  2759 | D:3      | Gained mutation: You sometimes gain a little power by taking damage. [demonic ancestry]
  2759 | D:3      | Reached XP level 6. HP: 37/48 MP: 8/8
  2816 | D:3      | Reached *** piety under Lugonu
  3292 | D:4      | Found an iron altar of Okawaru.
  3294 | D:4      | Found a shattered altar of Ashenzari.
  3298 | D:4      | Found a shadowy altar of Dithmenos.
  3874 | D:4      | Reached skill level 5 in Armour
  3874 | D:4      | Gained mutation: You have hoof-like feet. [demonic ancestry]
  3874 | D:4      | Reached XP level 7. HP: 53/54 MP: 10/10
  3922 | D:4      | Found a white marble altar of Elyvilon.
  4117 | D:4      | Found a stormy altar of Qazlal.
  4121 | D:4      | Found a burning altar of Makhleb.
  4124 | D:4      | Found a blossoming altar of Fedhas.
  4347 | D:5      | Entered Level 5 of the Dungeon
  4390 | D:5      | Found a glowing golden altar of the Shining One.
  4642 | D:5      | Reached **** piety under Lugonu
  4853 | D:5      | Reached skill level 5 in Invocations
  4975 | D:5      | Found a snail-covered altar of Cheibriados.
  5133 | D:5      | Gained mutation: You have hooves in place of feet. [demonic ancestry]
  5133 | D:5      | Reached XP level 8. HP: 53/61 MP: 12/12
  5778 | D:6      | Reached skill level 1 in Shields
  6064 | D:6      | Reached skill level 5 in Fighting
  6141 | D:7      | Found a staircase to the Ecumenical Temple.
  6147 | D:7      | Found a radiant altar of Vehumet.
  6421 | D:7      | Reached ***** piety under Lugonu
  6811 | D:7      | Noticed Joseph
  6822 | D:7      | Killed Joseph
  6822 | D:7      | Gained mutation: You are mostly covered in slimy green scales (AC +3). [demonic ancestry]
  6822 | D:7      | Reached XP level 9. HP: 41/68 MP: 5/14
  6957 | D:7      | Noticed Crazy Yiuf
  6963 | D:7      | Killed Crazy Yiuf
  7507 | D:8      | Noticed Prince Ribbit
  7663 | D:8      | Reached skill level 5 in Axes
  7713 | D:8      | Noticed Erolcha
  7730 | D:8      | Killed from afar by Erolcha

Skill      XL: |  1  2  3  4  5  6  7  8  9 |
---------------+----------------------------+-----
Axes           | 2 3 4 5 |  5.1
Armour         | 2 3 4 5 6 7 8 |  8.2
Dodging        | 1 2 |  2.2
Invocations    | 3 4 5 7 8 |  8.1
Fighting       | 4 5 |  5.9
Shields        | 3 4 |  4.5

Action                   |  1- 3 |  4- 6 |  7- 9 || total
-------------------------+-------+-------+-------++-------
Melee: Hand axe          |   160 |   131 |       ||   291
       Kick              |    19 |    44 |    82 ||   145
       War axe           |       |       |   273 ||   273
Invok: Depart the Abyss  |     1 |       |       ||     1
  Use: Scroll            |     5 |     2 |    13 ||    20
       Potion            |       |     6 |     5 ||    11
 Stab: Invisible         |       |     2 |       ||     2
  Eat: Chunk             |     3 |     3 |    23 ||    29
       Bread ration      |       |     1 |       ||     1
       Meat ration       |       |       |     1 ||     1
Armor: Plate armour      |   235 |   113 |   223 ||   571
Dodge: Dodged            |    46 |    33 |    45 ||   124
Block: Shield            |       |       |   201 ||   201
       Other             |       |       |     2 ||     2
       Reflection        |       |       |    14 ||    14
